 Dungeon Crawl Stone Soup version 0.28-a0-381-g937acc2988 (webtiles) character file.

Game seed: 8181589693006364050

48 SolCadguy the Charlatan (level 3, 0/28 HPs)
             Began as a Minotaur Artificer on Sept 2, 2021.
             Succumbed to an adder's poison
             ... on level 2 of the Dungeon.
             The game lasted 00:02:44 (1408 turns).

SolCadguy the Charlatan (Minotaur Artificer)        Turns: 1408, Time: 00:02:44

Health: 0/28       AC:  3    Str: 17    XL:     3   Next: 50%
Magic:  2/2        EV: 11    Int:  8    God:
Gold:   78         SH:  0    Dex: 10    Spells: 2/2 levels left

rFire   . . .      SeeInvis .   a - +0 club
rCold   . . .      Faith    .   (no shield)
rNeg    . . .      Spirit   .   b - +0 leather armour
rPois   .          Reflect  .   (helmet restricted)
rElec   .          Harm     .   (no cloak)
rCorr   .          Rampage  .   (no gloves)
Will    .....                   (no boots)
Stlth   +.........              (no amulet)
HPRegen 0.09/turn               (no ring)
MPRegen 0.08/turn               (no ring)

@: lethally poisoned (0 -> -5)
A: horns 2, retaliatory headbutt
a: no special abilities


You were on level 2 of the Dungeon.
You visited 1 branch of the dungeon, and saw 2 of its levels.

You collected 78 gold pieces.

Inventory:

Hand Weapons
 a - a +0 club (weapon)
Armour
 b - a +0 leather armour (worn)
Wands
 c - a wand of flame (11) (quivered)
 d - a wand of charming (15)
Scrolls
 h - 2 scrolls of teleportation {unknown}
 i - a scroll of fog {unknown}
 j - 2 scrolls of enchant weapon {unknown}
 k - a scroll of identify {unknown}
Potions
 f - a potion of lignification {unknown}
 g - 4 potions of flight {unknown}
Miscellaneous
 e - a piece from Xom's chessboard (14/15)


   Skills:
 - Level 1.2 Fighting
 - Level 2.4 Armour
 - Level 1.1 Dodging
 - Level 0.7 Stealth
 + Level 4.1 Evocations


You had 2 spell levels left.
You didn't know any spells.
Your spell library was empty.

Dungeon Overview and Level Annotations

Branches:
Dungeon (2/15)

Altars:

Annotations:
D:2 Robin


Innate Abilities, Weirdness & Mutations

You have a pair of horns on your head.
You reflexively headbutt those who attack you in melee.


Message History

A hobgoblin comes into view.
You feel sick.
You are no longer poisoned.
The bat hits you but does no damage.
You miss the bat. Your headbutt misses the bat.
The hobgoblin shouts!
You hear a shout! x5
The bat hits you but does no damage. The adder bites you.
A goblin comes into view. It is wielding a +0 dagger.
You hear a shout!
A goblin and Robin come into view.
Robin shouts!
The goblin shouts! x2; You hear a shout!
The bat misses you.
A goblin comes into view. It is wielding a +0 dagger.
Robin roars a battlecry!
The goblins go into a battle-frenzy!
You hear a shout!
You hit the bat.
The bat is moderately wounded.
The bat misses you. You furiously retaliate!
You headbutt the bat!
You kill the bat!
The adder barely misses you. Robin throws the goblin at you!
The adder bites you.
You hit the adder. Your headbutt misses the adder.
The adder is heavily wounded.
Robin throws the goblin at you!
* * * LOW HITPOINT WARNING * * *
The goblin hits you with a +0 club.
* * * LOW HITPOINT WARNING * * *
The adder bites you.
* * * LOW HITPOINT WARNING * * *
You are lethally poisoned!
The adder poisons you! The goblin barely misses you.
A goblin comes into view. It is wielding a +0 dagger.
Unknown command.
Unknown command.
Okay, then.
Unknown command.
Unknown command.
You make a move on Xom's chessboard...
The goblin struggles to resist.
You die...

.........## #.# #.....#
.....###..#####.# #.....#
.......##.......### #####.....#
.....#.......#....###.........###
.........<>...........<.........#
......######..g.r...Jr.##.....#..
......# ###..J#####.##†.....#.
......# #..^#S## #...†.J.....
......# #g###@g# ##.....r.###
....#..# #. ##gg# ###.##..#
....##.... # #g# #..##.... #...#
###. ... ##......# ###... . ##.#
###..## # ##..# .g# J## # #...


gg. r# # ... g. .# .. You could see Robin, an adder, an endoplasm, 2 hobgoblins,
6 goblins and a rat.

Vanquished Creatures
  An adder (D:2)
  A dart slug (D:2)
  A worm (D:2)
  2 ball pythons (D:1)
  4 endoplasms
  2 giant cockroaches (D:1)
  4 goblins
  2 hobgoblins (D:1)
  3 jackals (D:2)
  5 bats
  2 frilled lizards (D:1)
  7 rats
34 creatures vanquished.

Notes
Turn   | Place    | Note
-------+----------+-------------------------------------------
     0 | D:1      | SolCadguy the Minotaur Artificer began the quest for the
                  | Orb.
     0 | D:1      | Reached XP level 1. HP: 16/16 MP: 0/0
   113 | D:1      | Reached skill level 3 in Evocations
   371 | D:1      | Reached XP level 2. HP: 22/23 MP: 1/1
   929 | D:2      | Found a faded altar of an unknown god.
   966 | D:2      | Reached XP level 3. HP: 11/28 MP: 2/2
  1053 | D:2      | Reached skill level 4 in Evocations
  1405 | D:2      | Noticed Robin
  1408 | D:2      | Succumbed to an adder's poison

Illustrated notes

Levels and vault maps discovered:
D:1:      minmay_arrival_solitary_statue, layout_basic, minmay_tromino_mix6
D:2:      layout_rooms, basic_ecumenical_altar, minmay_cupped, uniq_robin

Skill      XL: |  1  2  3 |
---------------+----------+-----
Evocations     | 3 4 |  4.1
Fighting       | |  1.2
Armour         | |  2.4
Dodging        | |  1.1
Stealth        | |  0.7

Action                   || total
-------------------------++-------
Melee: Club              ||    76
       Headbutt          ||    11
Evoke: Wand              ||     4
       Piece from Xom's  ||     1
Armor: Leather armour    ||    26
Dodge: Dodged            ||    55

Table legend: (Time is in decaauts)
 A = Elapsed time spent in this place.
 B = Non-inter-level travel time spent in this place.
 C = Inter-level travel time spent in this place.
 D = Time resting spent in this place.
 E = Time spent auto-exploring this place.
 F = Levels seen in this place.
 G = Mean time per level.
                   A        B        C        D        E       F      G
               +--------+--------+--------+--------+--------+-----+--------+
         Total |   1430 |   1403 |     27 |    353 |    797 |   2 |  715.0 |
       Dungeon |   1430 |   1403 |     27 |    353 |    797 |   2 |  715.0 |
               +--------+--------+--------+--------+--------+-----+--------+

Top non-repeatable levels by time:
     D:1: 915 daAuts
     D:2: 514 daAuts
